 Dungeon Crawl Stone Soup version 0.29.1 (webtiles) character file.

Game seed: 2818486894031565910

39 Powertoast the Firebug (level 3, -1/26 HPs)
             Began as a Draconian Fire Elementalist on Sept 13, 2022.
             Slain by an orc wizard
             ... wielding a +0 dagger
              (2 damage)
             ... on level 2 of the Dungeon.
             The game lasted 00:05:18 (2226 turns).

Powertoast the Firebug (DrFE)                       Turns: 2226, Time: 00:05:18

Health: -1/26      AC:  6    Str: 10    XL:     3   Next: 28%
Magic:  2/6        EV: 12    Int: 17    God:
Gold:   50         SH:  0    Dex: 11    Spells: 0/6 levels left

rFire   . . .      SeeInvis .   b - +0 spear
rCold   . . .      Faith    .   (no shield)
rNeg    . . .      Spirit   .   (body armour unavailable)
rPois   .          Reflect  .   (helmet restricted)
rElec   .          Harm     .   (no cloak)
rCorr   .          Rampage  .   i - +0 pair of gloves
Will    .....                   (no boots)
Stlth   +.........              (no amulet)
HPRegen 0.08/turn               (no ring)
MPRegen 0.10/turn               (no ring)

@: confused
A: AC +5, unfitting armour, cold-blooded
a: no special abilities


You were on level 2 of the Dungeon.
You visited 1 branch of the dungeon, and saw 3 of its levels.

You collected 50 gold pieces.

Inventory:

Hand Weapons
 b - a +0 spear (weapon)
Armour
 i - a +0 pair of gloves (worn)
Scrolls
 d - a scroll of identify
 e - a scroll of vulnerability {unknown}
 f - a scroll of fear {unknown}
 h - a scroll of magic mapping {unknown}
Potions
 a - a potion of magic
 c - a potion of curing
 g - a potion of heal wounds {unknown}
 j - 2 potions of might {unknown}


   Skills:
 + Level 0.2 Fighting
 - Level 2.0 Dodging
 - Level 2.0 Stealth
 - Level 2.0 Spellcasting
 - Level 3.0 Conjurations
 - Level 3.0 Fire Magic


You couldn't memorise any spells.
You knew the following spells:

 Your Spells              Type           Power      Damage    Failure   Level
a - Foxfire               Conj/Fire      44%        2x1d6     5%          1
b - Scorch                Fire           22%        2d6       9%          2
c - Conjure Flame         Conj/Fire      11%        6-21      17%         3

Your spell library contained the following spells:

 Spells                   Type           Power      Damage    Failure   Level
 Inner Flame              Hex/Fire       6%         N/A       30%         3
 Flame Wave               Conj/Fire      11%        2d6       50%         4


Dungeon Overview and Level Annotations

Branches:
Dungeon (3/15)

Altars:


Innate Abilities, Weirdness & Mutations

Your plain brown scales are hard. (AC +5)
You cannot fit into any form of body armour.
You are cold-blooded and may be slowed by cold attacks.


Message History

The orc wizard is lightly wounded.
You conjure some foxfire!
The foxfire hits the orc wizard.
The orc wizard is heavily wounded.
The foxfire hits the orc wizard.
The orc wizard is heavily wounded.
An orc wizard comes into view. It is wielding a +0 dagger.
You conjure some foxfire!
The foxfire hits the orc wizard.
The orc wizard is heavily wounded.
The foxfire hits the orc wizard.
The orc wizard is severely wounded.
The orc wizard casts a spell at you.
You are confused.
You're too confused to cast spells.
The foxfire hits the orc wizard but does no damage.
The orc wizard is severely wounded.
The foxfire hits the orc wizard.
The orc wizard is almost dead.
The orc hits you from afar with a +0 trident.
The orc priest invokes the aid of Beogh against you.
Beogh smites you!
The orc wizard mumbles some strange words.
The orc wizard flickers and vanishes!
Deactivating autopickup; reactivate with Ctrl-A.
An orc priest comes into view. It is wielding a +0 club.
The orc priest shouts!
The orc closely misses you. The orc hits you with a +0 whip.
* * * LOW HITPOINT WARNING * * *
The orc wizard points at you and mumbles some strange words.
You are more confused.
Unknown command.
You hit the orc but do no damage. The orc barely misses you.
The orc hits you with a +0 whip.
* * * LOW HITPOINT WARNING * * *
The orc closely misses you. The orc wizard barely misses you.
You hit the orc priest but do no damage.
The orc priest barely misses you. The orc closely misses you. x2
The orc hits you with a +0 club.
* * * LOW HITPOINT WARNING * * *
The orc wizard hits you with a +0 dagger.
You die...

#.......#
#.......#
#....o..#
#.......# #
#.......# #
#.#.......#.#
#.....ooo...#
####..o@o#
#........##
#....##...#####
..............#
#....##...###.#
#.#####.†##
#........#
########.# #.#


You could see 2 orc priests, an orc wizard and 3 orcs.

Vanquished Creatures
  A worm (D:2)
  A dart slug (D:1)
  4 endoplasms (D:1)
  3 giant cockroaches
  4 goblins
  2 hobgoblins (D:1)
  A quokka (D:1)
  3 ball pythons
  6 bats
  A frilled lizard (D:1)
  2 kobolds (D:1)
  2 rats (D:1)
30 creatures vanquished.

Vanquished Creatures (others)
  101 foxfires
101 creatures vanquished.

Grand Total: 131 creatures vanquished

Notes
Turn   | Place    | Note
-------+----------+-------------------------------------------
     0 | D:1      | Powertoast the Draconian Fire Elementalist began the quest
                  | for the Orb.
     0 | D:1      | Reached XP level 1. HP: 14/14 MP: 3/3
   201 | D:1      | Found a faded altar of an unknown god.
   432 | D:1      | Reached XP level 2. HP: 20/20 MP: 0/5
  1554 | D:2      | Reached XP level 3. HP: 26/26 MP: 3/6
  2023 | D:2      | You fall into a shaft and drop 1 floor!
  2073 | D:2      | Learned a level 2 spell: Scorch
  2077 | D:2      | Learned a level 3 spell: Conjure Flame
  2226 | D:2      | HP: 1/26 [orc/+0 club (4)]
  2226 | D:2      | Slain by an orc wizard

Illustrated notes

Levels and vault maps discovered:
D:1:      nicolae_arrival_memento_mori, layout_loops_corners,
          shapermc_ecumenical_altar_totnotflames
D:2:      cheibrodos_pilgrimage, layout_loops_corners
D:3:      layout_loops_ring, kennysheep_generic_room_9

Skill      XL: |  1  2  3 |
---------------+----------+-----
Conjurations   | 2 3 |  3.0
Dodging        | 2 |  2.0
Stealth        | 2 |  2.0
Fighting       | |  0.2
Spellcasting   | |  2.0
Fire Magic     | |  3.0

Action                   || total
-------------------------++-------
Melee: Spear             ||    16
       Tailslap          ||     4
 Cast: Foxfire           ||    75
  Use: Scroll            ||     1
Armor: Skin              ||    10
Dodge: Dodged            ||    42
